 Dungeon Crawl Stone Soup version 0.30.1-9-gdf580d7c3d (webtiles) character file.

Game seed: 14614900803898365459

64 Ijustatesigmund the Firebug (level 3, -19/20 HPs)
             Began as a Deep Elf Fire Elementalist on Oct 5, 2023.
             Killed by an exploding jackal (29 damage)
             ... ignited by their inner flame
             ... on level 3 of the Dungeon.
             The game lasted 00:04:08 (1751 turns).

Ijustatesigmund the Firebug (DEFE)                  Turns: 1751, Time: 00:04:09

Health: -19/20     AC:  3    Str:  5    XL:     3   Next: 91%
Magic:  6/10       EV: 12    Int: 21    God:
Gold:   65         SH:  0    Dex: 15    Spells: 6/9 levels left

rFire   . . .        r - +0 sling (chaos)
rCold   . . .        (no shield)
rNeg    . . .        a - +1 robe
rPois   +            (no helmet)
rElec   .            (no cloak)
rCorr   +            (no gloves)
SInv    .            (no boots)
Will    .....        (no amulet)
Stlth   ++           m - ring of resist corrosion
HPRegen 0.23/turn    p - ring of poison resistance
MPRegen 0.12/turn

%: no passive effects
@: no status effects
A: no striking features
a: no special abilities


You were on level 3 of the Dungeon.
You visited 1 branch of the dungeon, and saw 3 of its levels.

You collected 65 gold pieces.

Inventory:

Hand Weapons
 e - a +0 short sword
 r - a +0 sling of chaos (weapon)
Armour
 a - a +1 robe (worn)
Jewellery
 m - a ring of resist corrosion (left hand)
 p - a ring of poison resistance (right hand)
Scrolls
 f - a scroll of noise
 h - a scroll of enchant armour
 o - a scroll of immolation
Potions
 b - a potion of magic
 c - a potion of curing
 i - a potion of lignification {unknown}
 j - a potion of degeneration {unknown}
 l - a potion of brilliance {unknown}
 n - a potion of haste {unknown}


   Skills:
 - Level 1.1 Fighting
 + Level 0.4 Ranged Weapons
 - Level 2.4 Dodging
 - Level 2.4 Stealth
 + Level 3.9 Spellcasting
 + Level 2.2 Conjurations
 + Level 3.9 Fire Magic


You had 6 spell levels left.
You knew the following spells:

 Your Spells              Type           Power      Damage    Failure   Level
a - Foxfire               Conj/Fire      68%        2x1d7     3%          1
b - Scorch                Fire           40%        2d7       3%          2

Your spell library contained the following spells:

 Spells                   Type           Power      Damage    Failure   Level
 Inner Flame              Hex/Fire       12%        N/A       16%         3
 Volatile Blastmotes      Fire/Tloc      24%        2d12      16%         3
 Flame Wave               Conj/Fire      17%        2d7       34%         4
 Malign Gateway           Summ/Tloc      2%         N/A       100%        7
 Summon Horrible Things   Summ           2%         N/A       100%        8


Dungeon Overview and Level Annotations

Branches:
Dungeon (3/15)

Altars:

Annotations:
D:2 Sigmund
D:3 1 runed translucent door, Grinder


Message History

The jackal bites your quokka but does no damage.
The jackal bites your quokka.
Your quokka closely misses the jackal.
Your kobold misses the bat. Your quokka misses the jackal.
Your kobold misses the bat.
The bat hits your quokka but does no damage.
The bat hits your kobold.
Your quokka barely misses the jackal.
Your kobold closely misses the bat.
The air fills with toxic fumes!
As you read the scroll labelled ADIT UPARPH, it crumbles to dust.
It was a scroll of poison.
The jackal misses you.
Your kobold completely misses the bat.
As you read the scroll labelled PAP WUAXUOGRO, it crumbles to dust.
It is a scroll of identify.
c - a potion of curing The jackal closely misses you.
Grinder blinks!
As you read the scroll labelled QAFRAA WAMU, it crumbles to dust.
The scroll dissolves into smoke.
It was a scroll of fog.
Something closely misses your kobold. x2; The jackal barely misses you.
Something barely misses your kobold. The jackal barely misses you.
Grinder barely misses you.
Okay, then.
Casting: Foxfire (safe; 3% risk of failure)
Confirm with . or Enter, or press ? or * to list all spells.
Flames lash Grinder.
Grinder is moderately wounded.
Grinder's fire resistance burns away.
Something closely misses your kobold. Something barely misses your kobold.
The jackal closely misses you. Something barely misses your kobold.
Grinder gestures at you.
You barely resist.
Something closely misses your kobold. x2; The jackal closely misses you.
Something barely misses your kobold. Grinder hits you.
You writhe in agony.
The jackal bites you.
Casting: Scorch (safe; 3% risk of failure)
Confirm with . or Enter, or press ? or * to list all spells.
Flames lash the jackal.
The jackal explodes!
The fiery explosion engulfs you!!
Ouch! That really hurt!
You die...

########## #.§§§☼...######
#§§§§☼.........
####§§§§§.........
#§§§§§§§§......... .
#§§§§§§§§......... ...
##§§☼§§☼§§......### ...5#
###§@☼§§§§☼§.........
......#§§5§§§§§§§§.........
...☼§K§r§§§§§#######.......
.†.§§.#§§§§§§# ....#.......
#..☼§§☼#####§# ~~~~+.......
#..§§§§ ## ....#...^...
##.☼§§. #####.###†..
...§§.. ... #.... .......
#.... #....


You could see Grinder (combustible, ally target), a friendly quokka (summoned)
and a friendly kobold (summoned).

Vanquished Creatures
  An adder (D:3)
  3 worms (D:2)
  A ball python (D:1)
  5 endoplasms
  2 giant cockroaches (D:1)
  7 goblins
  3 hobgoblins
  5 jackals
  5 kobolds (D:1)
  3 quokkas (D:1)
  2 bats (D:1)
  A frilled lizard (D:3)
  3 rats (D:1)
41 creatures vanquished.

Vanquished Creatures (others)
  107 foxfires
107 creatures vanquished.

Grand Total: 148 creatures vanquished

Notes
Turn   | Place    | Note
-------+----------+-------------------------------------------
     0 | D:1      | Ijustatesigmund the Deep Elf Fire Elementalist began the
                  | quest for the Orb.
     0 | D:1      | Reached XP level 1. HP: 10/10 MP: 6/6
   148 | D:1      | Reached XP level 2. HP: 16/16 MP: 4/8
   151 | D:1      | Learned a level 2 spell: Scorch
   848 | D:1      | Reached XP level 3. HP: 20/20 MP: 8/10
  1006 | D:2      | Reached skill level 1 in Fighting
  1555 | D:2      | Noticed Sigmund
  1663 | D:3      | Found a runed translucent door.
  1735 | D:3      | Noticed Grinder
  1751 | D:3      | Killed by an exploding jackal... ignited by their inner
                  | flame

Illustrated notes

Levels and vault maps discovered:
D:1:      scummos_arrival_star, layout_rooms, minmay_stone_trees_small
D:2:      layout_basic, uniq_sigmund
D:3:      layout_basic, ebering_ghost_reflecting_pool, uniq_grinder

Skill      XL: |  1  2  3 |
---------------+----------+-----
Fighting       | 1 |  1.1
Conjurations   | 2 |  2.2
Ranged Weapons | |  0.4
Dodging        | |  2.4
Stealth        | |  2.4
Spellcasting   | |  3.9
Fire Magic     | |  3.9

Action                     || total
---------------------------++-------
  Melee: Short sword       ||     1
   Fire: Sling             ||     7
   Cast: Foxfire           ||    70
         Scorch            ||    14
    Use: Scroll            ||     8
 Armour: Robe              ||     2
  Dodge: Dodged            ||    17
